 Dungeon Crawl Stone Soup version 0.30.0-13-g156ef70053 (webtiles) character file.

Game seed: 1756833361939949292

12377 browni3141 the Carver (level 11, -4/84 HPs)
             Began as a Demigod Enchanter on May 17, 2023.
             Slain by a komodo dragon (11 damage)
             ... while petrified by a basilisk
             ... on level 1 of the Lair of Beasts.
             The game lasted 00:25:24 (13649 turns).

browni3141 the Carver (Demigod Enchanter)          Turns: 13649, Time: 00:25:25

Health: -4/84      AC: 16    Str: 23    XL:     11   Next: 35%
Magic:  19/19      EV:  2    Int: 17    God:
Gold:   645        SH:  0    Dex: 25    Spells: 5/16 levels left

rFire   . . .        a - +0 dagger (drain)
rCold   + . .        (no shield)
rNeg    + + +        o - +7 Kryia's mail coat {PotionHeal*2 rC+}
rPois   ∞            s - +0 hat
rElec   .            O - +0 cloak
rCorr   .            (no gloves)
SInv    .            D - +0 pair of boots
Will    +....        N - amulet of reflection
Stlth   ++           g - ring of Cul Soru {rN+ Str+6 Dex+7}
HPRegen 0.34/turn    U - ring of poison resistance
MPRegen 0.16/turn

%: reflection
@: petrified
A: high MP 1, forlorn, divine attributes
a: no special abilities


You were on level 1 of the Lair of Beasts.
You visited 3 branches of the dungeon, and saw 13 of its levels.

You collected 694 gold pieces.
You spent 49 gold pieces at shops.

Inventory:

Hand Weapons
 a - a +0 dagger of draining (weapon)
 b - a +2 heavy falchion
 u - a +0 falchion
 x - a +1 dagger
 G - a +2 scimitar
 W - a +1 long sword
Missiles
 z - 5 curare-tipped darts
 J - 10 poisoned darts
 T - 3 boomerangs
 Z - 3 throwing nets
Armour
 f - the +2 cloak of Heroon {rC+ Dex+2 Slay+5}
   (You found it on level 10 of the Dungeon)

   Dex:       It affects your dexterity (+2).
   Slay:      It affects your accuracy & damage with ranged weapons and melee
   (+5).
   rC:        It protects you from cold.
 o - the +7 Kryia's mail coat (worn) {PotionHeal*2 rC+}
   (You found it on level 2 of the Dungeon)

   PotionHeal*2: Potions heal its wearer twice as much.
   rC:        It protects you from cold.
 r - a +0 cloak
 s - a +0 hat (worn)
 w - a +0 pair of boots
 B - a +0 tower shield
 D - a +0 pair of boots (worn)
 K - a +0 cloak
 L - a +0 robe
 O - a +0 cloak (worn)
Jewellery
 g - the ring of Cul Soru (left hand) {rN+ Str+6 Dex+7}
   (You took it off an orc on level 9 of the Dungeon)

   [ring of positive energy]

   Str:       It affects your strength (+6).
   Dex:       It affects your dexterity (+7).
   rN:        It protects you from negative energy.
 i - a ring of ice
 N - an amulet of reflection (around neck)
 S - a +6 ring of intelligence
 U - a ring of poison resistance (right hand)
Wands
 p - a wand of polymorph (5)
 I - a wand of iceblast (3)
 P - a wand of paralysis (1)
Scrolls
 h - a scroll of teleportation
 k - 4 scrolls of enchant armour
 n - a scroll of noise
 q - 4 scrolls of poison
 t - a scroll of enchant weapon
 y - 2 scrolls of blinking {unknown}
 E - a scroll of magic mapping
 F - 2 scrolls of fog
 V - 2 scrolls of silence {unknown}
 X - 3 scrolls of amnesia {unknown}
Potions
 j - 2 potions of ambrosia
 l - 3 potions of mutation {unknown}
 m - 3 potions of magic
 v - 6 potions of attraction
 A - 3 potions of flight {unknown}
 C - a potion of curing
 H - 10 potions of heal wounds
 M - 2 potions of degeneration {unknown}
 Q - 2 potions of berserk rage {unknown}
 R - a potion of cancellation {unknown}
 Y - a potion of haste {unknown}


   Skills:
 - Level 4.0 Fighting
 - Level 4.0(8.3) Short Blades
 * Level 11.3(11.6) Long Blades
 - Level 4.0 Armour
 - Level 5.0 Dodging
 - Level 4.0 Stealth
 - Level 4.0 Shields
 - Level 3.0 Spellcasting
 - Level 8.0 Hexes
 - Level 2.0 Ice Magic


You had 5 spell levels left.
You knew the following spells:

 Your Spells              Type           Power      Damage    Failure   Level
c - Confusing Touch       Hex            29%        N/A       4%          3
d - Dazzling Flash        Conj/Hex       32%        N/A       24%         3
h - Ensorcelled Hibernat  Hex/Ice        38%        N/A       9%          2
t - Tukima's Dance        Hex            29%        N/A       4%          3

Your spell library contained the following spells:

 Spells                   Type           Power      Damage    Failure   Level
 Freeze                   Ice            36%        1d5       19%         1
 Inner Flame              Hex/Fire       16%        N/A       24%         3
 Portal Projectile        Hex/Tloc       32%        N/A       24%         3
 Magic Dart               Conj           8%         1d3       38%         1
 Frozen Ramparts          Ice            18%        1d3       50%         3
 Lesser Beckoning         Tloc           4%         N/A       54%         2
 Searing Ray              Conj           4%         2d4       54%         2
 Hailstorm                Conj/Ice       5%         3d4       63%         3
 Fulminant Prism          Conj/Hex       8%         3d7       63%         4
 Gell's Gravitas          Tloc           2%         N/A       77%         3
 Teleport Other           Tloc           2%         N/A       77%         3
 Volatile Blastmotes      Fire/Tloc      4%         2d10      77%         3
 Silence                  Hex/Air        8%         N/A       92%         5
 Animate Dead             Necr           2%         N/A       99%         4
 Flame Wave               Conj/Fire      2%         2d4       99%         4
 Iskenderun's Mystic Bla  Conj/Tloc      2%         2d3       99%         4
 Passage of Golubria      Tloc           2%         N/A       99%         4
 Sticky Flame             Conj/Fire      2%         2d3       99%         4
 Blade Hands              Tmut           1%         N/A       100%        5
 Borgnjor's Vile Clutch   Necr/Erth      1%         N/A       100%        5
 Lee's Rapid Deconstruct  Erth           1%         3d4*      100%        5
 Death Channel            Necr           1%         N/A       100%        6
 Lehudib's Crystal Spear  Conj/Erth      1%         10d2      100%        8


Dungeon Overview and Level Annotations

Branches:
Dungeon (11/15)            Temple (1/1) D:5            Lair (1/5) D:10
    Orc (0/2) D:9

Shops:
D:6 *

Annotations:
D:5 3 runed translucent doors, Ritel's ghost, novice OpFE


Innate Abilities, Weirdness & Mutations

You have an increased reservoir of magic. (+10% MP)
You shall have no god before yourself.
Your divine heritage dramatically boosts your attributes as you level up.


Message History

Unknown command.
HP restored.
Magic restored.
Found a stone staircase leading down.
You now have 645 gold pieces (gained 21).
You enter the shallow water.
Moving in this stuff is going to be slow.
A cane toad comes into view.
A cane toad is nearby!
The cane toad gives a loud, deep croak!
The cane toad stings you!
You hit the cane toad. You drain the cane toad.
The cane toad is lightly wounded.
The cane toad barely misses you.
You hit the cane toad but do no damage. You drain the cane toad.
The cane toad is lightly wounded.
You closely miss the cane toad.
The cane toad is lightly wounded.
The cane toad stings you but does no damage.
You hit the cane toad but do no damage. You drain the cane toad.
The cane toad is moderately wounded.
The cane toad barely misses you.
Your hands begin to glow red.
The cane toad stings you.
You hit the cane toad but do no damage.
The cane toad appears confused.
The cane toad is moderately wounded.
The cane toad closely misses you.
You hit the cane toad but do no damage.
The cane toad is moderately wounded.
You barely miss the cane toad.
The cane toad is moderately wounded.
You block the cane toad's attack.
You hit the cane toad but do no damage. You drain the cane toad.
The cane toad is moderately wounded.
The cane toad completely misses you.
You hit the cane toad but do no damage. You drain the cane toad.
The cane toad is heavily wounded.
The cane toad barely misses you.
You catch the helpless cane toad completely off-guard!
You impale the cane toad!!
You kill the cane toad!
No target in view!
No target in view!
r - a +0 cloak A basilisk and a komodo dragon come into view.
The basilisk hisses angrily.
The basilisk gazes at you.
You easily resist.
There are monsters nearby!
There are monsters nearby!
There are monsters nearby!
The basilisk gazes at you.
You are slowing down.
The basilisk gazes at you.
Your limbs have turned to stone.
You have turned to stone.
The komodo dragon hisses angrily.
The basilisk bites you. The basilisk bites you.
The komodo dragon hisses menacingly.
The basilisk bites you but does no damage.
The komodo dragon bites you! The basilisk gazes at you.
You easily resist.
The komodo dragon bites you!
The basilisk bites you but does no damage.
The komodo dragon bites you! The basilisk bites you.
The komodo dragon bites you but does no damage.
The komodo dragon bites you!! The basilisk gazes at you.
You easily resist.
The basilisk bites you but does no damage.
The komodo dragon bites you! The basilisk gazes at you.
The komodo dragon bites you.
* * * LOW HITPOINT WARNING * * *
You turn to flesh and can move again.
Unknown command.
Unknown command.
Unknown command.
The basilisk gazes at you.
You are slowing down.
Unknown command.
Unknown command.
Unknown command.
Your limbs are stiffening.
Unknown command.
The basilisk attacks as you move away! The basilisk bites you.
* * * LOW HITPOINT WARNING * * *
You have turned to stone.
The komodo dragon bites you!
* * * LOW HITPOINT WARNING * * *
The komodo dragon bites you!!
* * * LOW HITPOINT WARNING * * *
The komodo dragon bites you!
* * * LOW HITPOINT WARNING * * *
The komodo dragon bites you!!
* * * LOW HITPOINT WARNING * * *
The komodo dragon bites you!
* * * LOW HITPOINT WARNING * * *
The komodo dragon bites you but does no damage.
The komodo dragon bites you!!
You die...

#..#...#......##..#
#....⌠.#...........
#..................
. #..#...#.....P....
..
....#...#.......#+.#
..........[...###..#
.....#...#..l##..⌠.+
.... #......l#.....#
... ##?...##@...(.#
.. ##........##.# .
#...⌠...## #.......#
#.⌠...⌠.# #.......#
#...⌠.... #.......#


You could see a komodo dragon and a basilisk.

Vanquished Creatures
  Erolcha (D:10)
  A hydra (Lair:1)
  Fannar (D:10)
  Harold (D:10)
  A two-headed ogre (D:10)
  An elephant (D:10)
  A cane toad (Lair:1)
  A kobold demonologist (D:10)
  2 trolls
  A hornet (D:10)
  A shadow (D:6)
  Eustachio (D:6)
  3 wraiths (D:10)
  8 yaks (D:9)
  2 wyverns
  Grum (D:8)
  A basilisk (D:10)
  A golden eye (D:9)
  A steam dragon (D:8)
  Menkaure (D:6)
  4 vampire mosquitoes (D:10)
  4 orc warriors
  3 ice beasts
  A black bear (D:10)
  A sky beast (D:7)
  3 wolves (D:9)
  A centaur (D:9)
  A bullfrog (D:7)
  A gnoll sergeant (D:6)
  2 scorpions
  10 wights
  7 killer bees
  2 howler monkeys
  4 electric eels
  6 hounds
  9 orc priests
  2 gnoll boudas (D:9)
  3 jellies
  Natasha (thrice) (D:2)
  8 orc wizards
  8 iguanas
  8 adders
  14 gnolls
  2 shadow imps
  2 white imps
  3 worms (D:3)
  5 dart slugs
  53 orcs
  8 ball pythons
  5 endoplasms
  3 giant cockroaches
  9 hobgoblins
  6 quokkas
  3 bats
  5 frilled lizards
  6 goblins
  19 kobolds
  6 rats
271 creatures vanquished.

Vanquished Creatures (collateral kills)
  An orc warrior (D:6)
  A wolf (D:9)
  8 wights
  A howler monkey (D:9)
  2 orcs
13 creatures vanquished.

Vanquished Creatures (others)
  4 dancing weapons
  A kobold brigand (D:7)
  An orc (D:9)
6 creatures vanquished.

Grand Total: 290 creatures vanquished

Notes
Turn   | Place    | Note
-------+----------+-------------------------------------------
     0 | D:1      | browni3141 the Demigod Enchanter began the quest for the
                  | Orb.
     0 | D:1      | Reached XP level 1. HP: 14/14 MP: 5/5
   355 | D:1      | Reached XP level 2. HP: 20/20 MP: 7/7
   375 | D:1      | Learned a level 2 spell: Ensorcelled Hibernation
   993 | D:2      | Found the +7 Kryia's mail coat {PotionHeal*2 rC+}
  1020 | D:2      | Reached XP level 3. HP: 24/29 MP: 8/8
  1847 | D:3      | Reached XP level 4. HP: 36/36 MP: 9/9
  1928 | D:3      | Noticed Natasha
  1959 | D:2      | Killed Natasha
  2290 | D:3      | Reached skill level 3 in Armour
  2524 | D:3      | Reached XP level 5. HP: 37/41 MP: 10/10
  2677 | D:2      | Noticed Natasha
  2685 | D:2      | Killed Natasha
  2856 | D:2      | Noticed Natasha
  2866 | D:2      | Killed Natasha
  3245 | D:4      | Reached skill level 3 in Hexes
  3580 | D:4      | Reached XP level 6. HP: 44/48 MP: 11/11
  4079 | D:5      | Entered Level 5 of the Dungeon
  4496 | D:5      | Found a staircase to the Ecumenical Temple.
  4606 | D:5      | Found a runed translucent gate.
  4606 | D:5      | Found a runed translucent gate.
  4611 | D:5      | Found a runed translucent gate.
  4613 | D:5      | Noticed Ritel's ghost (novice OpFE)
  4870 | D:5      | Reached skill level 3 in Short Blades
  5029 | D:5      | Reached XP level 7. HP: 55/55 MP: 13/13
  5514 | D:4      | Learned a level 3 spell: Confusing Touch
  5518 | D:4      | Learned a level 3 spell: Tukima's Dance
  5764 | D:5      | Reached skill level 3 in Spellcasting
  6175 | Temple   | Entered the Ecumenical Temple
  6337 | D:6      | Reached XP level 8. HP: 31/61 MP: 4/15
  6361 | D:6      | Reached skill level 6 in Hexes
  6365 | D:6      | Reached skill level 3 in Stealth
  6491 | D:6      | Found Uwkipa's CLEARANCE SALE!.
  6499 | D:6      | Bought a +0 cloak for 9 gold pieces
  6499 | D:6      | Bought a ring of poison resistance for 40 gold pieces
  6533 | D:6      | Noticed Eustachio
  6570 | D:6      | Killed Eustachio
  6860 | D:6      | Found a sand-covered staircase.
  7062 | D:6      | Noticed Menkaure
  7084 | D:6      | You fall into a shaft and drop 1 floor!
  7780 | D:7      | Learned a level 3 spell: Dazzling Flash
  8093 | D:6      | Killed Menkaure
  8097 | D:6      | Reached XP level 9. HP: 37/68 MP: 16/16
  8118 | D:6      | Reached skill level 3 in Dodging
  9294 | D:8      | Noticed Grum
  9312 | D:8      | Killed Grum
  9313 | D:8      | Reached skill level 3 in Fighting
  9313 | D:8      | Reached skill level 3 in Shields
  9684 | D:9      | Reached skill level 1 in Long Blades
  9863 | D:9      | Reached skill level 2 in Long Blades
 10358 | D:9      | Reached skill level 3 in Long Blades
 10510 | D:9      | Reached skill level 4 in Long Blades
 10517 | D:9      | Reached XP level 10. HP: 76/78 MP: 9/17
 10620 | D:9      | Found a staircase to the Orcish Mines.
 10862 | D:9      | Reached skill level 5 in Long Blades
 11231 | D:9      | Reached skill level 6 in Long Blades
 11591 | D:9      | Identified the ring of Cul Soru {rN+ Str+6 Dex+7}
 11623 | D:9      | Reached skill level 7 in Long Blades
 12215 | D:10     | Entered Level 10 of the Dungeon
 12242 | D:10     | Reached skill level 8 in Long Blades
 12331 | D:10     | Noticed Erolcha
 12406 | D:10     | Identified the +2 cloak of Heroon {rC+ Dex+2 Slay+5}
 12437 | D:10     | Found a staircase to the Lair.
 12437 | D:10     | Noticed an elephant
 12503 | D:10     | Killed an elephant
 12504 | D:10     | Reached skill level 9 in Long Blades
 12628 | D:10     | Noticed Harold
 12658 | D:10     | Killed Harold
 12751 | D:10     | Noticed a two-headed ogre
 12762 | D:10     | Killed a two-headed ogre
 12763 | D:10     | Reached XP level 11. HP: 80/84 MP: 6/19
 12932 | D:10     | Noticed Fannar
 12943 | D:10     | Reached skill level 10 in Long Blades
 13071 | D:10     | Killed Fannar
 13425 | D:10     | Killed Erolcha
 13474 | Lair:1   | Entered Level 1 of the Lair of Beasts
 13474 | Lair:1   | Noticed an eight-headed hydra
 13490 | Lair:1   | Killed an eight-headed hydra
 13491 | Lair:1   | Reached skill level 11 in Long Blades
 13649 | Lair:1   | Slain by a komodo dragon

Illustrated notes

Levels and vault maps discovered:
D:1:      dpeg_arrival_water_fire, layout_loops_ring, minmay_misc_feat_tower
D:2:      layout_loops_ring
D:3:      layout_basic, shapermc_ecumenical_altar_acropolis,
          minmay_joined_circles, uniq_natasha
D:4:      layout_loops_corners, minitemple, serial_bayou_pond_a
D:5:      layout_loops_corners, grunt_dithmenos_shadows,
          minmay_temple_entry_arrows, ebering_ghost_rock_garden, hex_tiny,
          grunt_ministairs_14
D:6:      layout_gridville, nicolae_overflow_squiral, enter_ossuary_1,
          kennysheep_path_1, nicolae_shop_clearance, uniq_menkaure,
          uniq_eustachio
D:7:      layout_rooms
D:8:      layout_cave_pools, tgw_sif, uniq_grum
D:9:      layout_basic, mainiacjoe_overflow_surrounded_room, erik_orc_2
D:10:     layout_loops_ring, david_lair_generic,
          nicolae_kite_square_tiling_tiny, uniq_fannar, uniq_harold,
          uniq_erolcha
D:11:     layout_big_octagon
Temple:   nicolae_temple_hex_pool
Lair:1:   layout_gridlike, minmay_holes, grunt_megastairs_4

Skill      XL: |  1  2  3  4  5  6  7  8  9 10 11 |
---------------+----------------------------------+-----
Short Blades   | 1 2 3 4 |  4.0
Fighting       | 1 2 4 |  4.0
Armour         | 2 3 4 |  4.0
Spellcasting   | 2 3 |  3.0
Hexes          | 3 4 5 8 |  8.0
Ice Magic      | 1 2 |  2.0
Dodging        | 2 5 |  5.0
Stealth        | 4 |  4.0
Shields        | 1 4 |  4.0
Long Blades    | 4 9 11 | 11.3

Action                     |  1- 3 |  4- 6 |  7- 9 | 10-12 || total
---------------------------+-------+-------+-------+-------++-------
  Melee: Dagger            |   171 |   302 |   906 |   380 ||  1759
         Falchion          |     2 |    62 |       |       ||    64
         Punch             |       |     6 |     9 |     7 ||    22
  Throw: Dart              |       |     1 |       |       ||     1
   Cast: Ensorcelled Hiber |       |     9 |     7 |       ||    16
         Confusing Touch   |       |       |    33 |    33 ||    66
         Tukima's Dance    |       |       |    27 |    12 ||    39
         Dazzling Flash    |       |       |     2 |     1 ||     3
  Evoke: Wand              |       |       |    10 |       ||    10
    Use: Potion            |       |     1 |     3 |       ||     4
         Scroll            |       |       |     3 |     9 ||    12
   Stab: Sleeping          |     6 |     4 |     6 |     1 ||    17
         Confused          |       |       |    29 |    39 ||    68
         Invisible         |       |       |     4 |       ||     4
         Paralysed         |       |       |     1 |       ||     1
         Distracted        |       |       |     1 |       ||     1
 Armour: Robe              |     3 |       |       |       ||     3
         Scale mail        |    91 |   215 |   393 |   148 ||   847
  Dodge: Dodged            |   112 |   182 |   403 |   166 ||   863
  Block: Other             |       |       |   171 |    72 ||   243
         Reflection        |       |       |     2 |       ||     2
